 Dungeon Sprint DCSS version 0.20.1-1-g8b1a95d (console) character file.

18088 hilaritas the Severer (level 12, -10/103 HPs)
             Began as a Formicid Fighter on Mar 6, 2018.
             Was the Champion of Qazlal.
             Shot with a bolt by a yaktaur captain (22 damage)
             ... in the Dungeon (Sprint V: "Ziggurat Sprint").
             The game lasted 00:09:45 (987 turns).

hilaritas the Severer (Formicid Fighter)             Turns: 987, Time: 00:09:46

Health: -10/103    AC: 25    Str: 32    XL:     12   Next: 90%
Magic:  17/23      EV:  4    Int:  6    God:    Qazlal [******]
Gold:   0          SH: 38    Dex:  6    Spells: 11/11 levels left

rFire    + + .     SeeInvis +   O - +5 executioner's axe (chop)
rCold    + + .     Gourm    .   N - +18 shield of the Gong {rElec rN+ MR+ EV-5}
rNeg     + . .     Faith    .   P - +5 gold dragon scales
rPois    +         Spirit   .   (helmet unavailable)
rElec    +         Reflect  .   (no cloak)
rCorr    .         Harm     .   (no gloves)
MR       ++...                  (no boots)
Stlth    ..........             (no amulet)
Regen    0.3/turn               H - +6 ring of strength
MPRegen  0.2/turn               c - ring of the Sneaky Coins {Wiz rPois rF+ Slay+3}

@: protected from cold, drained, repel missiles
A: permanent stasis, dig shafts and tunnels, four strong arms, antennae 3,
molten scales 1, clumsy 2, dopey 1
a: Dig, Upheaval, Elemental Force, Disaster Area, Renounce Religion


You were in the Dungeon.
You worshipped Qazlal.
Qazlal was exalted by your worship.
You were not hungry.

You visited 1 branch

Inventory:

Hand Weapons
 L - the +7 great mace "Firestarter" {inner flame, rF++}
   (You found it in the Dungeon)

   It has been specially enchanted to burn those struck by it, causing extra
   injury to most foes and up to half again as much damage against particularly
   susceptible opponents.
   It greatly protects you from fire.
 M - a +5 battleaxe
 O - a +5 executioner's axe of chopping (weapon)
Armour
 N - the +18 shield of the Gong (worn) {rElec rN+ MR+ EV-5}
   (You found it in the Dungeon)

   It affects your evasion (-5).
   It insulates you from electricity.
   It protects you from negative energy.
   It affects your resistance to hostile enchantments.
 P - +5 gold dragon scales (worn)
Jewellery
 c - the ring of the Sneaky Coins (right hand) {Wiz rPois rF+ Slay+3}
   (You found it in the Dungeon)

   [ring of wizardry]

   It improves your spell success rate.
   It affects your accuracy and damage with ranged weapons and melee attacks
   (+3).
   It protects you from fire.
   It protects you from poison.
 j - the ring of the Firefly {rF+ Int+2}
   (You found it in the Dungeon)

   [ring of intelligence]

   It affects your intelligence (+2).
   It protects you from fire.
 k - an uncursed ring of magical power
 o - a +3 ring of dexterity
 D - a +6 ring of dexterity
 E - a +6 ring of dexterity
 F - a +6 ring of intelligence
 G - a +6 ring of intelligence
 H - a +6 ring of strength (left hand)
 I - a +6 ring of strength
 J - an uncursed ring of flight
 R - the ring "Teefeite" {rElec MR+ Int+2 Dex+4}
   (You found it in the Dungeon)

   [ring of dexterity]

   It affects your intelligence (+2).
   It affects your dexterity (+4).
   It insulates you from electricity.
   It affects your resistance to hostile enchantments.
Wands
 y - a wand of disintegration (7/24)
 A - a wand of iceblast (5/15)
 B - a wand of lightning (5/15)
 C - a wand of acid (5/15)
Scrolls
 q - 4 scrolls of amnesia
 r - 3 scrolls of recharging
 s - 7 scrolls of fog
 t - 2 scrolls of holy word
 u - 5 scrolls of identify
 v - 5 scrolls of remove curse
 w - 2 scrolls of fear
Potions
 d - 6 potions of might
 e - 10 potions of curing
 g - 9 potions of heal wounds
 i - 7 potions of magic
 l - 2 potions of brilliance
 m - 2 potions of invisibility
 n - 4 potions of resistance
 p - 5 potions of agility
Miscellaneous
 a - a phial of floods
 b - 2 boxes of beasts
 h - a sack of spiders
 K - a lightning rod (4/4)
 Q - a fan of gales
Comestibles
 f - 5 bread rations
 x - 42 fruits
 z - 4 meat rations


   Skills:
 * Level 12.7(11.8) Fighting
 * Level 20.3(19.3) Axes
 - Level 12.0(11.2) Armour
 - Level 10.4(9.6) Dodging
 - Level 10.2(9.3) Shields
 - Level 15.4(14.5) Invocations


You had 11 spell levels left.
You didn't know any spells.

Dungeon Overview and Level Annotations

Branches:
Dungeon (1/1)

Altars:
Ashenzari
Cheibriados
Dithmenos
Elyvilon
Fedhas
Gozag
Hepliaklqana
Kikubaaqudgha
Makhleb
Nemelex Xobeh
Okawaru
Qazlal
Ru
Sif Muna
Trog
Uskayaw
Vehumet
Xom
Yredelemnul
Zin
The Shining One
Beogh
Jiyva
Lugonu


Innate Abilities, Weirdness & Mutations

You cannot be hasted, slowed, berserked, paralysed or teleported.
You can dig through walls and to a lower floor.
Your four strong arms can wield two-handed weapons with a shield.
You have a pair of large antennae on your head. (SInv)
You are partially covered in molten scales. (AC +2)
You are very clumsy. (Dex -4)
You are dopey. (Int -2)


Message History

PANG!
You block the shadow dragon's attack.
PANG!
You block the vault guard's attack.
BONNNG!
The yaktaur captain shoots a bolt.
BONNNG!
You block the bolt.
The vault guard hits you from afar with a halberd!
Clouds arounds you coalesce and take form!
You block the vault guard's attack.
GONNNNG!
The shadow dragon breathes negative energy at you.
The bolt of negative energy hits you! You partially resist.
You feel drained.
* * * LOW HITPOINT WARNING * * *
You block the vault guard's attack.
SHROANNG!
The vault guard hits you but does no damage.
The yaktaur captain shoots a bolt.
The bolt hits you!!
You die...

▓▓▓▓▓▓▓▓▓▓▓▓
▓...8©8...▓.
▓..=.)..=.▓.
▓..[).:)..▓...})||..▓.
▓.........▓.........▓.
.........▓.........▓.
▓ ..E.... ▓.........▓.
▓. ..p.. .▓..)......▓.
▓..▓ppp▓..▓....))...▓.
▓.▓c)ED§▓.▓.▓.....▓.▓.
▓....@)...▓...†.....▓▓
▓▓▓▓▓▓▓▓▓▓▓▓▓▓▓▓▓▓▓▓▓


{{{{{{{{ { {{{{{{{{{{ {{{{{{{{{{ {{{{{{{{{{ {{{{{{{{{{ {{{{{{{{{{ {{{{{ You
could see a shadow dragon, a yaktaur captain, 4 vault guards, a friendly earth
elemental and a friendly fire elemental.

Vanquished Creatures
  A vault warden (D)
  A stone giant (D)
  An ironheart preserver (D)
  8 vault guards (D)
  An ice dragon (D)
  A hell hog (D)
  An orc knight (D)
  A shining eye (D)
  3 ugly things (D)
  A black mamba (D)
  A black mamba (shapeshifter) (D)
  A spiny frog (D)
  2 komodo dragons (shapeshifter) (D)
  A komodo dragon (D)
  A rime drake (shapeshifter) (D)
  2 red devils (D)
  A meliai (shapeshifter) (D)
  3 jumping spiders (D)
  A hippogriff (shapeshifter) (D)
  2 flying skulls (D)
  A shadow (D)
  A tarantella (D)
  A yak (D)
  A hog (shapeshifter) (D)
  5 neqoxecs (D)
  2 nagas (D)
  A water moccasin (D)
  2 porcupines (D)
  9 scorpions (D)
  A crimson imp (D)
  An orc priest (D)
  2 orc wizards (D)
  An adder (D)
  An adder skeleton (D)
  2 orcs (D)
  A jackal (D)
  A ball python (D)
  A giant cockroach zombie (D)
  A jackal skeleton (D)
69 creatures vanquished.

Notes
Turn   | Place    | Note
-------+----------+-------------------------------------------
     0 | D        | hilaritas the Formicid Fighter began the quest for the Orb.
     0 | D        | Reached XP level 1. HP: 18/18 MP: 1/1
     0 | D        | Found a deep blue altar of Sif Muna.
     0 | D        | Found a sacrificial altar of Ru.
     0 | D        | Found a bloodstained altar of Trog.
     0 | D        | Found a stormy altar of Qazlal.
     0 | D        | Found an iron altar of Okawaru.
     0 | D        | Found a sparkling altar of Nemelex Xobeh.
     0 | D        | Found a blossoming altar of Fedhas.
     2 | D        | Found a transporter.
     2 | D        | Found an ancient bone altar of Kikubaaqudgha.
     2 | D        | Found a viscous altar of Jiyva.
     2 | D        | Found a corrupted altar of Lugonu.
     2 | D        | Found a hazy altar of Hepliaklqana.
     2 | D        | Found a burning altar of Makhleb.
     2 | D        | Found an opulent altar of Gozag.
    14 | D        | Became a worshipper of Qazlal Stormbringer
    82 | D        | Reached XP level 2. HP: 24/24 MP: 2/2
    97 | D        | Entered arena 2.
    97 | D        | Found a transporter.
   113 | D        | Entered arena 3.
   113 | D        | Found a transporter.
   118 | D        | Reached * piety under Qazlal
   118 | D        | Reached XP level 3. HP: 30/30 MP: 2/4
   119 | D        | Reached skill level 3 in Axes
   119 | D        | Reached XP level 4. HP: 38/38 MP: 2/6
   123 | D        | Reached skill level 4 in Axes
   154 | D        | Entered arena 4.
   154 | D        | Noticed a jumping spider
   154 | D        | Noticed a tarantella
   154 | D        | Found a transporter.
   157 | D        | Killed a jumping spider
   157 | D        | Reached ** piety under Qazlal
   157 | D        | Reached skill level 6 in Axes
   157 | D        | Reached skill level 10 in Shields
   157 | D        | Reached skill level 5 in Invocations
   157 | D        | Reached XP level 5. HP: 37/47 MP: 6/9
   157 | D        | Reached XP level 6. HP: 42/53 MP: 6/10
   158 | D        | Reached skill level 7 in Axes
   158 | D        | Reached XP level 7. HP: 41/60 MP: 6/11
   164 | D        | Killed a tarantella
   164 | D        | Reached skill level 8 in Axes
   313 | D        | Entered arena 5.
   313 | D        | Noticed a jumping spider
   313 | D        | Found a transporter.
   316 | D        | Killed a jumping spider
   316 | D        | Reached *** piety under Qazlal
   316 | D        | Reached skill level 10 in Axes
   316 | D        | Reached XP level 8. HP: 67/69 MP: 12/14
   323 | D        | Got the +5 hand axe of Ymywn {flame, rF+}
   327 | D        | Got the ring of the Sneaky Coins {Wiz rPois rF+ Slay+3}
   335 | D        | Entered arena 6.
   335 | D        | Noticed a jumping spider
   335 | D        | Found a transporter.
   338 | D        | Reached **** piety under Qazlal
   338 | D        | Killed a jumping spider
   338 | D        | Reached skill level 10 in Fighting
   340 | D        | Reached skill level 1 in Dodging
   353 | D        | Entered arena 7.
   353 | D        | Noticed a black mamba
   355 | D        | Found a transporter.
   357 | D        | Killed a black mamba
   357 | D        | Reached ***** piety under Qazlal
   357 | D        | Reached skill level 11 in Axes
   357 | D        | Reached skill level 10 in Invocations
   357 | D        | Reached XP level 9. HP: 79/79 MP: 16/16
   361 | D        | Reached skill level 12 in Axes
   382 | D        | Identified Sif Muna's Handbook of Evil Poison (You found it in the Dungeon)
   480 | D        | Entered arena 8.
   480 | D        | Noticed a spiny frog
   480 | D        | Noticed a komodo dragon
   487 | D        | Killed a spiny frog
   487 | D        | Reached skill level 13 in Axes
   488 | D        | Reached ****** piety under Qazlal
   488 | D        | Reached skill level 14 in Axes
   488 | D        | Reached skill level 5 in Dodging
   489 | D        | Killed a komodo dragon
   489 | D        | Reached XP level 10. HP: 86/86 MP: 18/18
   490 | D        | Found a transporter.
   510 | D        | Entered arena 9.
   510 | D        | Noticed a green ugly thing
   510 | D        | Noticed a komodo dragon
   510 | D        | Noticed a shining eye
   510 | D        | Gained mutation: You are clumsy. (Dex -2) [a neqoxec]
   511 | D        | Found a transporter.
   513 | D        | Gained mutation: You are partially covered in molten scales. (AC +2) [a neqoxec]
   514 | D        | Noticed a black mamba
   514 | D        | a hog changed into a black mamba
   515 | D        | Killed a komodo dragon
   515 | D        | Reached skill level 15 in Axes
   516 | D        | Killed a green ugly thing
   516 | D        | Killed a black mamba
   518 | D        | Killed a shining eye
   518 | D        | Gained mutation: You are very clumsy. (Dex -4) [a neqoxec]
   522 | D        | Reached skill level 16 in Axes
   545 | D        | Entered arena 10.
   545 | D        | Noticed an ice dragon
   545 | D        | Noticed a stone giant
   545 | D        | Noticed a vault guard
   545 | D        | Noticed a vault guard
   545 | D        | Noticed an orc knight
   545 | D        | Noticed a vault warden
   545 | D        | Noticed an ironheart preserver
   545 | D        | Noticed a vault guard
   553 | D        | Killed an ironheart preserver
   553 | D        | Reached skill level 10 in Armour
   553 | D        | Reached XP level 11. HP: 63/92 MP: 20/20
   555 | D        | Killed a vault warden
   556 | D        | Killed a stone giant
   558 | D        | Killed an ice dragon
   558 | D        | Reached skill level 10 in Dodging
   558 | D        | Reached skill level 15 in Invocations
   558 | D        | Killed a vault guard
   561 | D        | Killed a vault guard
   562 | D        | Killed a vault guard
   562 | D        | Reached skill level 17 in Axes
   563 | D        | Killed an orc knight
   563 | D        | Reached XP level 12. HP: 49/99 MP: 21/23
   567 | D        | Found a transporter.
   587 | D        | Got the ring "Teefeite" {rElec MR+ Int+2 Dex+4}
   754 | D        | Entered arena 11.
   757 | D        | Found a transporter.
   759 | D        | Gained mutation: You are dopey. (Int -2) [a neqoxec]
   763 | D        | Reached skill level 18 in Axes
   889 | D        | Entered arena 12.
   890 | D        | Noticed a hell hog
   899 | D        | Killed a hell hog
   903 | D        | Found a transporter.
   904 | D        | Reached skill level 19 in Axes
   927 | D        | Got the ring of the Firefly {rF+ Int+2}
   966 | D        | Entered arena 13.
   966 | D        | Noticed a vault guard
   966 | D        | Noticed a vault guard
   966 | D        | Noticed a vault guard
   966 | D        | Noticed a vault guard
   966 | D        | Noticed a vault guard
   967 | D        | Noticed a vault guard
   968 | D        | Noticed a vault guard
   968 | D        | Noticed a vault guard
   968 | D        | Noticed a yaktaur captain
   968 | D        | Noticed a vault guard
   969 | D        | Noticed a shadow dragon
   974 | D        | Killed a vault guard
   976 | D        | Killed a vault guard
   976 | D        | Killed a vault guard
   979 | D        | Killed a vault guard
   979 | D        | Reached skill level 20 in Axes
   983 | D        | Killed a vault guard
   987 | D        | Shot with a bolt by a yaktaur captain

Skill      XL: |  1  2  3  4  5  6  7  8  9 10 11 12 |
---------------+-------------------------------------+-----
Armour         | 6 7 8 10 12 | 12.0
Shields        | 7 8 10 | 10.2
Fighting       | 4 6 7 8 10 12 | 12.7
Invocations    | 2 5 6 8 10 11 13 15 | 15.4
Axes           | 3 6 7 10 11 14 16 17 20 | 20.3
Dodging        | 3 5 7 10 | 10.4

Action                   |  1- 3 |  4- 6 |  7- 9 | 10-12 || total
-------------------------+-------+-------+-------+-------++-------
Melee: Executioner's axe |     8 |     8 |    28 |    55 ||    99
Invok: Elemental Force   |       |       |       |     1 ||     1
  Use: Potion            |     1 |       |       |     1 ||     2
       Scroll            |       |     1 |       |       ||     1
Armor: Gold dragon scale |     5 |     4 |    15 |    33 ||    57
Dodge: Dodged            |       |       |       |     6 ||     6
Block: Shield            |    16 |    17 |    52 |   145 ||   230
